| TOP OF THE 1ST |
|
University of North Carolina at Chapel Hill Tar Heels batting - Pitching for Rice University Owls : RHP Cahya Sumual
|
|
Pitching: RHP Cahya Sumual
|
|
|
Batting: LHB Juan Alvarado
|
0-0: Swinging Strike 0-1: Foul Ball, location: 2F 0-2: Strikes out swinging
|
|
Batting: LHB Chris Robertson
|
0-0: Foul Ball, location: 2F 0-1: Ball 1-1: Ball 2-1: Called Strike 2-2: Ball 3-2: Fly out, F5 (Popup, 56S, EV 73.1 MPH)
|
|
Batting: RHB Michael Houseman
|
0-0: Called Strike 0-1: Swinging Strike 0-2: Foul Ball, location: 2F 0-2: Ball 1-2: Ball 2-2: Strikes out swinging
|
| Top of the 1st over - 0 runs, 0 hits, 0 errors, 0 left on base; University of North Carolina at Chapel Hill 0 - Rice University 0 |
| BOTTOM OF THE 1ST |
|
Rice University Owls batting - Pitching for University of North Carolina at Chapel Hill Tar Heels : LHP Fiorello Turrini
|
|
Pitching: LHP Fiorello Turrini
|
|
|
Batting: RHB Caleb Mercer
|
0-0: Ball 1-0: Called Strike 1-1: Ball 2-1: Ball 3-1: Base on Balls
|
|
Batting: RHB Javier Quinones
|
0-0: Ball 1-0: Ball 2-0: Foul Ball, location: 2F 2-1: Fly out, F8 (Flyball, 89D, EV 94.4 MPH)
|
|
Batting: RHB Jose Soto
|
0-0: Ball 1-0: Called Strike 1-1: Ball Caleb Mercer steals 2nd base 2-1: SINGLE (Groundball, 6M, EV 102.5 MPH) (infield hit) Caleb Mercer to third
|
|
Batting: SHB Ken Wilson
|
0-0: Ball Passed Ball! Caleb Mercer scores Jose Soto to second 1-0: Ball 2-0: Ground out 6-3 (Groundball, 56, EV 103.1 MPH)
|
|
Batting: RHB Neil Worth
|
0-0: Foul Ball, location: 2F 0-1: Ball 1-1: SINGLE (Groundball, 34D, EV 98.1 MPH) Jose Soto to third Runner from 3rd tries for Home, SAFE, throw by RF to home Neil Worth to second
|
|
Batting: RHB Bill Turcotte
|
0-0: Ball 1-0: Ball 2-0: Called Strike 2-1: Foul Ball, location: 2F 2-2: Strikes out looking
|
| Bottom of the 1st over - 2 runs, 2 hits, 0 errors, 1 left on base; University of North Carolina at Chapel Hill 0 - Rice University 2 |
| TOP OF THE 2ND |
|
University of North Carolina at Chapel Hill Tar Heels batting - Pitching for Rice University Owls : RHP Cahya Sumual
|
|
Batting: RHB Mike Machalek
|
0-0: Swinging Strike 0-1: Called Strike 0-2: Ball 1-2: Strikes out swinging
|
|
Batting: LHB Roberto Lopez
|
0-0: Ball 1-0: Called Strike 1-1: Ball 2-1: Called Strike 2-2: Strikes out swinging
|
|
Batting: SHB Jim Saxon
|
0-0: Ball 1-0: Ball 2-0: Ball 3-0: Called Strike 3-1: SINGLE (Groundball, 6MD, EV 93.8 MPH)
|
|
Batting: RHB Brandon Wilson
|
0-0: Ball 1-0: Ball 2-0: Called Strike 2-1: Called Strike 2-2: Ball 3-2: Strikes out looking
|
| Top of the 2nd over - 0 runs, 1 hit, 0 errors, 1 left on base; University of North Carolina at Chapel Hill 0 - Rice University 2 |
| BOTTOM OF THE 2ND |
|
Rice University Owls batting - Pitching for University of North Carolina at Chapel Hill Tar Heels : LHP Fiorello Turrini
|
|
Batting: RHB Allen Jarvis
|
0-0: Swinging Strike 0-1: Ball 1-1: SOLO HOME RUN (Flyball, 9LD, EV 90.0 MPH), Distance : 332 ft
|
|
Batting: RHB Emanuel Pulido
|
0-0: Foul Ball, location: 2F 0-1: Called Strike 0-2: Ball 1-2: Foul Ball, location: 2F 1-2: Ball 2-2: Ball 3-2: Foul Ball, location: 2F 3-2: Strikes out swinging
|
|
Batting: RHB Brock Ti
|
0-0: Fly out, F4 (Flyball, 4D, EV 89.4 MPH)
|
|
Batting: RHB Caleb Mercer
|
0-0: Swinging Strike 0-1: Ball 1-1: Ground out 6-3 (Groundball, 6, EV 89.4 MPH)
|
| Bottom of the 2nd over - 1 run, 1 hit, 0 errors, 0 left on base; University of North Carolina at Chapel Hill 0 - Rice University 3 |
| TOP OF THE 3RD |
|
University of North Carolina at Chapel Hill Tar Heels batting - Pitching for Rice University Owls : RHP Cahya Sumual
|
|
Batting: RHB Tony Jennings
|
0-0: Called Strike 0-1: Ball 1-1: SINGLE (Flyball, 9LS, EV 100.0 MPH)
|
|
Batting: RHB Steve Breshears
|
0-0: Ball 1-0: Grounds into double play, 5-4-3 (Groundball, 56S, EV 82.5 MPH)
|
|
Batting: LHB Juan Alvarado
|
0-0: SINGLE (Flyball, 56D, EV 86.9 MPH)
|
|
Batting: LHB Chris Robertson
|
0-0: Foul Ball, location: 2F 0-1: Foul Ball, location: 2F 0-2: Strikes out swinging
|
| Top of the 3rd over - 0 runs, 2 hits, 0 errors, 1 left on base; University of North Carolina at Chapel Hill 0 - Rice University 3 |
| BOTTOM OF THE 3RD |
|
Rice University Owls batting - Pitching for University of North Carolina at Chapel Hill Tar Heels : LHP Fiorello Turrini
|
|
Batting: RHB Javier Quinones
|
0-0: Swinging Strike 0-1: Called Strike 0-2: Strikes out swinging
|
|
Batting: RHB Jose Soto
|
0-0: Fly out, F7 (Line Drive, 7S, EV 94.4 MPH)
|
|
Batting: SHB Ken Wilson
|
0-0: Called Strike 0-1: Foul Ball, location: 2F 0-2: Foul Ball, location: 2F 0-2: SINGLE (Line Drive, 89S, EV 106.9 MPH)
|
|
Batting: RHB Neil Worth
|
0-0: Foul Ball, location: 2F 0-1: Foul Ball, location: 2F 0-2: Ball 1-2: Strikes out swinging
|
| Bottom of the 3rd over - 0 runs, 1 hit, 0 errors, 1 left on base; University of North Carolina at Chapel Hill 0 - Rice University 3 |
| TOP OF THE 4TH |
|
University of North Carolina at Chapel Hill Tar Heels batting - Pitching for Rice University Owls : RHP Cahya Sumual
|
|
Batting: RHB Michael Houseman
|
0-0: Ground out U3 (Groundball, 3L, EV 100.6 MPH)
|
|
Batting: RHB Mike Machalek
|
0-0: Ball 1-0: Ground out 5-3 (Groundball, 56, EV 108.8 MPH)
|
|
Batting: LHB Roberto Lopez
|
0-0: Called Strike 0-1: Ball 1-1: Fly out, F8 (Flyball, 8LD, EV 101.2 MPH)
|
| Top of the 4th over - 0 runs, 0 hits, 0 errors, 0 left on base; University of North Carolina at Chapel Hill 0 - Rice University 3 |
| BOTTOM OF THE 4TH |
|
Rice University Owls batting - Pitching for University of North Carolina at Chapel Hill Tar Heels : LHP Fiorello Turrini
|
|
Batting: RHB Bill Turcotte
|
0-0: Called Strike 0-1: SINGLE (Flyball, 8LS, EV 94.4 MPH)
|
|
Batting: RHB Allen Jarvis
|
0-0: Called Strike 0-1: Foul Ball, location: 2F 0-2: Ball Wild Pitch! Bill Turcotte to second 1-2: Strikes out swinging, 2-3 out at first.
|
|
Batting: RHB Emanuel Pulido
|
0-0: Called Strike 0-1: Fly out, F8 (Flyball, 8RD, EV 90.0 MPH)
|
|
Batting: RHB Brock Ti
|
0-0: Foul Ball, location: 2F 0-1: Ball 1-1: Called Strike 1-2: DOUBLE (Line Drive, 89D, EV 88.1 MPH) Bill Turcotte scores
|
|
Pinch Runner at 2nd Dave Van Sickle:
|
|
|
Batting: RHB Caleb Mercer
|
0-0: Swinging Strike 0-1: Ball 1-1: TRIPLE (Flyball, 78XD, EV 101.2 MPH) Dave Van Sickle scores
|
|
Pitching: RHP Alex Aldaya
|
|
|
Batting: RHB Javier Quinones
|
0-0: Foul Ball, location: 2F 0-1: Ball 1-1: SINGLE (Groundball, P, EV 85.6 MPH) (infield hit) Caleb Mercer scores
|
|
Batting: RHB Jose Soto
|
0-0: Called Strike 0-1: 2-RUN HOME RUN (Flyball, 78XD, EV 100.0 MPH), Distance : 414 ft
|
|
Batting: SHB Ken Wilson
|
0-0: Ball 1-0: Ball 2-0: Called Strike 2-1: Ball 3-1: Foul Ball, location: 2F 3-2: Strikes out swinging
|
| Bottom of the 4th over - 5 runs, 5 hits, 0 errors, 0 left on base; University of North Carolina at Chapel Hill 0 - Rice University 8 |
| TOP OF THE 5TH |
|
University of North Carolina at Chapel Hill Tar Heels batting - Pitching for Rice University Owls : RHP Cahya Sumual
|
|
Now in RF: Dave Van Sickle
|
|
|
Batting: SHB Jim Saxon
|
0-0: Ground out U3 (Groundball, 34S, EV 71.2 MPH)
|
|
Batting: RHB Brandon Wilson
|
0-0: Called Strike 0-1: Ball 1-1: Foul Ball, location: 2F 1-2: Ball 2-2: Reached on error, E6 (Groundball, 6D, EV 84.4 MPH)
|
|
Batting: RHB Tony Jennings
|
0-0: Fly out, F4 (Popup, 34D, EV 72.5 MPH)
|
|
Batting: RHB Steve Breshears
|
0-0: Ball 1-0: Ball 2-0: Fly out, F8 (Flyball, 8RD, EV 88.1 MPH)
|
| Top of the 5th over - 0 runs, 0 hits, 1 error, 1 left on base; University of North Carolina at Chapel Hill 0 - Rice University 8 |
| BOTTOM OF THE 5TH |
|
Rice University Owls batting - Pitching for University of North Carolina at Chapel Hill Tar Heels : RHP Alex Aldaya
|
|
Batting: RHB Neil Worth
|
0-0: Ball 1-0: Ball 2-0: Called Strike 2-1: Foul Ball, location: 2F 2-2: Ball 3-2: Hit by Pitch
|
|
Batting: RHB Bill Turcotte
|
0-0: Ball 1-0: Ball 2-0: Grounds into double play, 6-4-3 (Groundball, 6, EV 94.4 MPH)
|
|
Batting: RHB Allen Jarvis
|
0-0: Ball 1-0: Called Strike 1-1: Foul Ball, location: 2F 1-2: Ground out 4-3 (Groundball, 4D, EV 105.6 MPH)
|
| Bottom of the 5th over - 0 runs, 0 hits, 0 errors, 0 left on base; University of North Carolina at Chapel Hill 0 - Rice University 8 |
| TOP OF THE 6TH |
|
University of North Carolina at Chapel Hill Tar Heels batting - Pitching for Rice University Owls : RHP Cahya Sumual
|
|
Batting: LHB Juan Alvarado
|
0-0: Ball 1-0: Called Strike 1-1: Swinging Strike 1-2: SINGLE (Line Drive, 7LM, EV 109.4 MPH)
|
|
Batting: LHB Chris Robertson
|
0-0: Swinging Strike 0-1: Ball 1-1: Swinging Strike 1-2: Strikes out swinging
|
|
Batting: RHB Michael Houseman
|
0-0: Fly out, F7 (Line Drive, 7LM, EV 108.1 MPH)
|
|
Batting: RHB Mike Machalek
|
0-0: Called Strike 0-1: Ball 1-1: Swinging Strike 1-2: Foul Ball, location: 2F 1-2: SINGLE (Groundball, 6MD, EV 106.9 MPH) Juan Alvarado to second Runner from 2nd tries for 3rd, SAFE, no throw by CF
|
|
Batting: LHB Roberto Lopez
|
0-0: Ball 1-0: Swinging Strike 1-1: Ball 2-1: Foul Ball, location: 2F 2-2: Fly out, F8 (Flyball, 8LD, EV 93.1 MPH)
|
| Top of the 6th over - 0 runs, 2 hits, 0 errors, 2 left on base; University of North Carolina at Chapel Hill 0 - Rice University 8 |
| BOTTOM OF THE 6TH |
|
Rice University Owls batting - Pitching for University of North Carolina at Chapel Hill Tar Heels : RHP Alex Aldaya
|
|
Batting: RHB Emanuel Pulido
|
0-0: Ball 1-0: Called Strike 1-1: Ball 2-1: Ground out 5-3 (Groundball, 56, EV 85.6 MPH)
|
|
Batting: SHB Dave Van Sickle
|
0-0: Foul Ball, location: 2F 0-1: Ball 1-1: Fly out, F8 (Flyball, 8RXD, EV 90.0 MPH)
|
|
Batting: RHB Caleb Mercer
|
0-0: Swinging Strike 0-1: Called Strike 0-2: Strikes out looking
|
| Bottom of the 6th over - 0 runs, 0 hits, 0 errors, 0 left on base; University of North Carolina at Chapel Hill 0 - Rice University 8 |
| TOP OF THE 7TH |
|
University of North Carolina at Chapel Hill Tar Heels batting - Pitching for Rice University Owls : RHP Cahya Sumual
|
|
Batting: SHB Jim Saxon
|
0-0: Ball 1-0: Ball 2-0: Ball 3-0: Called Strike 3-1: SINGLE (Line Drive, 56D, EV 102.5 MPH)
|
|
Batting: RHB Brandon Wilson
|
0-0: Called Strike 0-1: Swinging Strike 0-2: Ball 1-2: Strikes out swinging
|
|
Pitching: RHP Nate Gulley
|
|
|
Batting: RHB Tony Jennings
|
0-0: Called Strike 0-1: Ball 1-1: Foul Ball, location: 2F 1-2: Foul Ball, location: 2F 1-2: Fly out, F9 (Flyball, 9, EV 93.1 MPH)
|
|
Batting: RHB Steve Breshears
|
0-0: Foul Ball, location: 2F 0-1: Ball 1-1: Ground out 4-3 (Groundball, 4, EV 103.1 MPH)
|
| Top of the 7th over - 0 runs, 1 hit, 0 errors, 1 left on base; University of North Carolina at Chapel Hill 0 - Rice University 8 |
| BOTTOM OF THE 7TH |
|
Rice University Owls batting - Pitching for University of North Carolina at Chapel Hill Tar Heels : RHP Alex Aldaya
|
|
Pitching: RHP Berry Dow
|
|
|
Batting: RHB Javier Quinones
|
0-0: Called Strike 0-1: Ball 1-1: Ball 2-1: Ground out 6-3 (Groundball, 56D, EV 101.2 MPH)
|
|
Batting: RHB Jose Soto
|
0-0: Ball 1-0: Ball 2-0: Fly out, F9 (Line Drive, 9LS, EV 95.6 MPH)
|
|
Batting: SHB Ken Wilson
|
0-0: Called Strike 0-1: Called Strike 0-2: Ground out U3 (Groundball, 34, EV 78.1 MPH)
|
| Bottom of the 7th over - 0 runs, 0 hits, 0 errors, 0 left on base; University of North Carolina at Chapel Hill 0 - Rice University 8 |
| TOP OF THE 8TH |
|
University of North Carolina at Chapel Hill Tar Heels batting - Pitching for Rice University Owls : RHP Nate Gulley
|
|
Batting: LHB Juan Alvarado
|
0-0: Foul Ball, location: 2F 0-1: Ball 1-1: Ball 2-1: Swinging Strike 2-2: Ball 3-2: Fly out, F7 (Flyball, 78D, EV 84.4 MPH)
|
|
Batting: LHB Chris Robertson
|
0-0: Ball 1-0: Swinging Strike 1-1: Ball 2-1: Ball 3-1: Base on Balls
|
|
Batting: RHB Michael Houseman
|
0-0: DOUBLE (Flyball, 8RXD, EV 100.0 MPH) Chris Robertson to third
|
|
Batting: RHB Mike Machalek
|
0-0: Ball 1-0: Fly out, F9 (Line Drive, 89M, EV 96.9 MPH) Runner from 3rd tags up, SCORES, throw by RF
|
|
Pitching: RHP Dejenie Mensah
|
|
|
Batting: LHB Roberto Lopez
|
0-0: Called Strike 0-1: Swinging Strike 0-2: Ground out U3 (Groundball, 3, EV 83.1 MPH)
|
| Top of the 8th over - 1 run, 1 hit, 0 errors, 1 left on base; University of North Carolina at Chapel Hill 1 - Rice University 8 |
| BOTTOM OF THE 8TH |
|
Rice University Owls batting - Pitching for University of North Carolina at Chapel Hill Tar Heels : RHP Berry Dow
|
|
Batting: RHB Neil Worth
|
0-0: Called Strike 0-1: Ball 1-1: Fly out, F9 (Flyball, 89M, EV 90.0 MPH)
|
|
Batting: RHB Bill Turcotte
|
0-0: Ball 1-0: Called Strike 1-1: Foul Ball, location: 2F 1-2: Ball 2-2: Ball 3-2: Base on Balls
|
|
Batting: RHB Allen Jarvis
|
0-0: Ball 1-0: Called Strike 1-1: Fielders Choice at 2nd, 4-6 (Groundball, 4D, EV 95.0 MPH)
|
|
Batting: RHB Emanuel Pulido
|
0-0: Called Strike 0-1: Ball 1-1: Fly out, F8 (Flyball, 78S, EV 84.4 MPH)
|
| Bottom of the 8th over - 0 runs, 0 hits, 0 errors, 1 left on base; University of North Carolina at Chapel Hill 1 - Rice University 8 |
| TOP OF THE 9TH |
|
University of North Carolina at Chapel Hill Tar Heels batting - Pitching for Rice University Owls : RHP Dejenie Mensah
|
|
Batting: SHB Jim Saxon
|
0-0: Ball 1-0: Ball 2-0: Called Strike 2-1: Ball 3-1: Fly out, F9 (Flyball, 9, EV 90.0 MPH)
|
|
Batting: RHB Brandon Wilson
|
0-0: Called Strike 0-1: Ground out 6-3 (Groundball, 6M, EV 80.0 MPH)
|
|
Batting: RHB Tony Jennings
|
0-0: Ball 1-0: Ball 2-0: Foul Ball, location: 2F 2-1: Ball 3-1: Base on Balls
|
|
Batting: RHB Steve Breshears
|
0-0: Ball 1-0: Ball 2-0: Ball 3-0: Called Strike 3-1: DOUBLE (Flyball, 78XD, EV 107.5 MPH) Tony Jennings to third
|
|
Batting: LHB Juan Alvarado
|
0-0: Ball 1-0: Ground out U3 (Groundball, 3, EV 78.1 MPH)
|
| Top of the 9th over - 0 runs, 1 hit, 0 errors, 2 left on base; University of North Carolina at Chapel Hill 1 - Rice University 8 |
|